 Dungeon Crawl Stone Soup version 0.29-a0-841-g116ddc6ace (webtiles) character file.

Game seed: 17521592802046552863

372 clackabat the Cudgeller (level 6, 0/37 HPs)
             Began as a Gargoyle Fighter on July 15, 2022.
             Slain by a hound (5 damage)
             ... on level 3 of the Dungeon.
             The game lasted 00:05:15 (2667 turns).

clackabat the Cudgeller (Gargoyle Fighter)          Turns: 2667, Time: 00:05:15

Health: 0/37       AC: 10    Str: 20    XL:     6   Next: 71%
Magic:  6/6        EV: 10    Int: 10    God:
Gold:   173        SH:  4    Dex:  9    Spells: 5/5 levels left

rFire   . . .      SeeInvis .   a - +0 flail
rCold   . . .      Faith    .   c - +0 buckler
rNeg    + . .      Spirit   .   e - +0 ring mail
rPois   ∞          Reflect  .   (no helmet)
rElec   +          Harm     .   (no cloak)
rCorr   .          Rampage  .   (no gloves)
Will    .....                   (no boots)
Stlth   ..........              (no amulet)
HPRegen 0.12/turn               (no ring)
MPRegen 0.10/turn               (no ring)

@: no status effects
A: sickness immunity, AC +4, negative energy resistance 1, electricity
resistance, torment resistance 1, petrification resistance
a: no special abilities


You were on level 3 of the Dungeon.
You visited 1 branch of the dungeon, and saw 4 of its levels.

You collected 173 gold pieces.

Inventory:

Hand Weapons
 a - a +0 flail (weapon)
Missiles
 k - 6 poisoned darts (quivered)
Armour
 b - a +0 scale mail
 c - a +0 buckler (worn)
 e - a +0 ring mail (worn)
 h - a +0 kite shield
 m - a +0 cloak
Jewellery
 n - a ring of wizardry
Wands
 l - a wand of light (14)
 p - a wand of flame (10)
Scrolls
 f - a scroll of fog {unknown}
 i - 2 scrolls of fear {unknown}
 j - a scroll of poison {unknown}
 q - a scroll of identify {unknown}
 r - a scroll of vulnerability {unknown}
 u - a scroll of amnesia {unknown}
Potions
 g - 2 potions of curing {unknown}
 o - a potion of berserk rage {unknown}
 s - a potion of flight {unknown}
 t - a potion of mutation {unknown}


   Skills:
 - Level 3.2 Fighting
 * Level 6.6 Maces & Flails
 - Level 3.2 Armour
 + Level 1.2 Dodging
 + Level 0.1 Stealth
 - Level 3.2 Shields


You had 5 spell levels left.
You didn't know any spells.
Your spell library contained the following spells:

 Spells                   Type           Power      Damage    Failure   Level
 Apportation              Tloc           0%         N/A       63%         1
 Ignite Poison            Fire/Tmut/Pois 0%         N/A       94%         3
 Petrify                  Tmut/Erth      0%         N/A       100%        4
 Alistair's Intoxication  Tmut/Pois      0%         N/A       100%        5
 Eringya's Noxious Bog    Tmut/Pois      0%         N/A       100%        6


Dungeon Overview and Level Annotations

Branches:
Dungeon (4/15)
 Temple: D:4-7

Altars:


Innate Abilities, Weirdness & Mutations

You are immune to sickness and miasma.
Your stone body is resilient. (AC +4)
You are immune to poison.
You resist negative energy. (rN+)
You are resistant to electric shocks. (rElec)
You are resistant to unholy torment.
You are immune to petrification.


Message History

You closely miss something. Something hits you but does no damage.
You miss something. Something hits you but does no damage.
You completely miss something. Something hits you but does no damage.
Something hits you.
You completely miss something. Something hits you but does no damage.
You barely miss something. Something hits you but does no damage.
You miss something. Something hits you.
You closely miss something.
You hear some strange, mumbled words.
Something tries to affect you, but you resist.
You closely miss something. Something hits you but does no damage.
You barely miss something. Something hits you but does no damage.
You miss something. Something hits you but does no damage.
You closely miss something.
The orc priest invokes the aid of Beogh against you.
Beogh smites you!
You hear some strange, mumbled words.
You are confused.
Something hits you but does no damage. Something hits you.
* * * LOW HITPOINT WARNING * * *
There is a stone staircase leading up here.
You bump into the rock wall.
You hear some strange, mumbled words.
A magic dart appears from out of thin air!
The magic dart hits you.
* * * LOW HITPOINT WARNING * * *
The hound closely misses you. Something hits you.
* * * LOW HITPOINT WARNING * * *
The hound barely misses you.
You climb upwards.
Reactivating autopickup.
You feel less confused.
There is a stone staircase leading down here.
Deactivating autopickup; reactivate with Ctrl-A.
You hit something but do no damage. The hound bites you but does no damage.
Something hits you.
* * * LOW HITPOINT WARNING * * *
You closely miss something. The hound bites you.
You die...

#########
#####.......#
#.......###.#
#.###.#.###.#####
#...............#
###.##.....##.###.#
........#.###.# #.#
###.###.......###.####
###.......####.h@....#
..#.......# #.##{##.#
#.############.##....#
#.# #.......#.####..#
#.# #......)#.####..#
#.# #.......#.......#
#.# #.......######.##
#.# #.......######.#
..# #.......##.....#


You could see a hound.

Vanquished Creatures
  Grinder (D:3)
  Crazy Yiuf (D:2)
  Natasha (thrice) (D:2)
  Terence (D:2)
  An adder (D:3)
  2 worms (D:2)
  An orc (D:4)
  5 ball pythons
  5 bats
  2 endoplasms (D:1)
  2 giant cockroaches (D:1)
  3 goblins
  2 hobgoblins
  4 kobolds
  3 quokkas
  4 rats
40 creatures vanquished.

Vanquished Creatures (others)
  A fungus (D:2)
1 creature vanquished.

Grand Total: 41 creatures vanquished

Notes
Turn   | Place    | Note
-------+----------+-------------------------------------------
     0 | D:1      | clackabat the Gargoyle Fighter began the quest for the Orb.
     0 | D:1      | Reached XP level 1. HP: 14/14 MP: 1/1
   305 | D:1      | Found a faded altar of an unknown god.
   411 | D:1      | Reached XP level 2. HP: 19/19 MP: 2/2
   553 | D:1      | Reached skill level 3 in Maces & Flails
   956 | D:2      | Noticed Terence
   964 | D:2      | Killed Terence
   965 | D:2      | Reached XP level 3. HP: 9/23 MP: 3/3
  1170 | D:2      | Found a runed translucent door.
  1171 | D:2      | Noticed Crazy Yiuf
  1178 | D:2      | Killed Crazy Yiuf
  1179 | D:2      | Reached skill level 4 in Maces & Flails
  1179 | D:2      | Reached XP level 4. HP: 24/28 MP: 2/4
  1265 | D:2      | Noticed Natasha
  1274 | D:2      | Killed Natasha
  1592 | D:2      | Noticed Natasha
  1598 | D:2      | Killed Natasha
  1599 | D:2      | Reached XP level 5. HP: 24/32 MP: 5/5
  1703 | D:2      | Reached skill level 5 in Maces & Flails
  1723 | D:2      | Noticed Natasha
  1734 | D:2      | Killed Natasha
  1743 | D:2      | You fall into a shaft and drop 1 floor!
  1749 | D:3      | Got the Guidebook on Amorphous Impurities
  1871 | D:3      | Reached skill level 1 in Dodging
  1993 | D:3      | Noticed Grinder
  2010 | D:3      | Killed Grinder
  2011 | D:3      | Reached skill level 6 in Maces & Flails
  2011 | D:3      | Reached XP level 6. HP: 13/37 MP: 6/6
  2667 | D:3      | Slain by a hound

Illustrated notes

Levels and vault maps discovered:
D:1:      minmay_arrival_radiant_lines, layout_basic,
          dreamdust_ecumenical_altar_statues
D:2:      layout_loops_ring, uniq_crazy_yiuf_cottage, uniq_sigmund,
          uniq_natasha, uniq_terence
D:3:      layout_loops_cross, serial_glass, glass_columns_a, glass_columns_a,
          uniq_grinder
D:4:      corexii_shack_village, layout_rooms, gammafunk_ghost_cemetery,
          corexii_item_surrounded_by_moat, uniq_duvessa

Skill      XL: |  1  2  3  4  5 |
---------------+----------------+-----
Maces & Flails | 3 4 6 |  6.6
Dodging        | 1 |  1.2
Fighting       | |  3.2
Armour         | |  3.2
Stealth        | |  0.1
Shields        | |  3.2

Action                   |  1- 3 |  4- 6 || total
-------------------------+-------+-------++-------
Melee: Flail             |    52 |   119 ||   171
  Use: Potion            |       |     1 ||     1
Armor: Ring mail         |    22 |    65 ||    87
       Scale mail        |     3 |       ||     3
Dodge: Dodged            |    23 |    53 ||    76
Block: Buckler           |     8 |    12 ||    20

Table legend: (Time is in decaauts)
 A = Elapsed time spent in this place.
 B = Non-inter-level travel time spent in this place.
 C = Inter-level travel time spent in this place.
 D = Time resting spent in this place.
 E = Time spent auto-exploring this place.
 F = Levels seen in this place.
 G = Mean time per level.
                   A        B        C        D        E       F      G
               +--------+--------+--------+--------+--------+-----+--------+
         Total |   2707 |   2409 |    298 |    383 |   1642 |   4 |  676.8 |
       Dungeon |   2707 |   2409 |    298 |    383 |   1642 |   4 |  676.8 |
               +--------+--------+--------+--------+--------+-----+--------+

Top non-repeatable levels by time:
     D:1: 906 daAuts
     D:3: 899 daAuts
     D:2: 868 daAuts
     D:4: 33 daAuts
